 Dungeon Crawl Stone Soup version 0.19.4-8-ga85b6b9 (webtiles) character file.

128 TryAgain the Shield-Bearer (level 5, -3/33 HPs)
             Began as a Gargoyle Fighter on Feb 7, 2017.
             Shot with an arrow by a centaur (5 damage)
             ... on level 6 of the Dungeon.
             The game lasted 00:10:21 (1622 turns).

TryAgain the Shield-Bearer (Gargoyle Fighter)       Turns: 1622, Time: 00:10:22

Health: -3/33      AC: 11    Str: 19    XL:     5   Next: 11%
Magic:  5/5        EV:  7    Int:  9    God:
Gold:   116        SH:  9    Dex: 10    Spells: 0 memorised, 4 levels left

rFire  . . .     SeeInvis .     a - +0 flail
rCold  . . .     Gourm    .     b - +0 scale mail
rNeg   + . .     Faith    .     c - +0 shield
rPois  ∞         Spirit   .     (no helmet)
rElec  +         Reflect  .     (no cloak)
rCorr  .         Harm     .     (no gloves)
MR     .....                    (no boots)
Stlth  ..........               (no amulet)
                                (no ring)
                                (no ring)

@: no status effects
A: negative energy resistance 1, electricity resistance, unbreathing,
petrification resistance, rot immunity, AC +4
a: no special abilities


You were on level 6 of the Dungeon.
You were hungry.

You visited 1 branch of the dungeon, and saw 5 of its levels.

You collected 116 gold pieces.

Inventory:

Hand Weapons
 a - a +0 flail (weapon)
 v - a +2 arbalest of velocity
Armour
 b - a +0 scale mail (worn)
 c - a +0 shield (worn)
Wands
 u - a wand of flame (14/48)
Scrolls
 h - a scroll of immolation {unknown}
 l - a scroll of identify
 n - 4 scrolls of remove curse
 o - a scroll of fog {unknown}
 p - a scroll of magic mapping {unknown}
 q - a scroll of fear {unknown}
 r - a scroll of teleportation {unknown}
 t - a scroll of blinking
Potions
 d - 3 potions of might
 e - a potion of invisibility {unknown}
 i - 2 potions of flight {unknown}
 m - 5 potions of curing {unknown}
 w - a potion of cancellation {unknown}
Books
 s - a book of Minor Magic

   Spells                             Type                      Level
   a - Magic Dart                     Conjuration                  1
   b - Blink                          Translocation                2
   c - Call Imp                       Summoning                    2
   d - Repel Missiles                 Charms/Air                   2
   e - Slow                           Hexes                        2
   f - Conjure Flame                  Conjuration/Fire             3
   g - Mephitic Cloud                 Conjuration/Poison/Air       3
Comestibles
 f - a bread ration
 g - 2 meat rations
 j - 2 beef jerkies
 k - 2 slices of pizza


   Skills:
 * Level 4.2 Fighting
 + Level 2.3 Maces & Flails
 * Level 4.1 Armour
 + Level 1.0 Dodging
 * Level 4.3 Shields


You had 4 spell levels left.
You didn't know any spells.

Dungeon Overview and Level Annotations

Branches:
Dungeon (6/15)
 Temple: D:4-7

Altars:
Ashenzari


Innate Abilities, Weirdness & Mutations

You are resistant to torment.
Your stone body is resilient. (AC +4)
You are immune to poison.
You resist negative energy. (rN+)
You are resistant to electric shocks. (rElec)
You can survive without breathing.
You are immune to petrification.
You are immune to rotting.


Message History

Found a fruit.
You see here 2 arrows.
The centaur shoots an arrow.
You block the arrow.
Your magical contamination has completely faded away.
You see here an arrow.
You open the door.
The centaur shoots an arrow.
The arrow barely misses you.
Found 17 gold pieces and 2 murky ruby potions.
The centaur shoots an arrow.
The arrow hits you but does no damage.
The centaur shoots an arrow.
You block the arrow.
There is an open door here.
You see here an arrow.
Found 19 stones.
The centaur shoots an arrow.
You block the arrow.
You see here an arrow.
The centaur shoots an arrow.
The arrow hits you.
* * * LOW HITPOINT WARNING * * *
You see here an arrow.
The centaur shoots an arrow.
You block the arrow.
The centaur shoots an arrow.
The arrow hits you.
You die...

####...###(###+###
#...#.c........
#####........##
#(..........#
#...........##
##..$..(.......
....!..(.......
...............
.......@.......
........##.....
........# .....
....###.# .....
.... #.. .... ###
### ...


You could see a centaur.

Vanquished Creatures
  Jessica (D:2)
  4 gnolls
  An adder (D:2)
  A dart slug (D:1)
  5 giant cockroaches
  9 goblins
  6 hobgoblins
  8 kobolds
  8 bats
  4 frilled lizards
  7 rats
54 creatures vanquished.

Notes
Turn   | Place    | Note
-------+----------+-------------------------------------------
     0 | D:1      | TryAgain the Gargoyle Fighter began the quest for the Orb.
     0 | D:1      | Reached XP level 1. HP: 14/14 MP: 1/1
    65 | D:1      | Reached XP level 2. HP: 6/19 MP: 2/2
   100 | D:1      | Reached XP level 3. HP: 11/24 MP: 3/3
   583 | D:2      | Found a shattered altar of Ashenzari.
   653 | D:2      | Found a faded altar of an unknown god.
   830 | D:2      | Noticed Jessica
   842 | D:2      | Killed Jessica
   842 | D:2      | Reached XP level 4. HP: 24/29 MP: 4/4
   952 | D:2      | Reached skill level 1 in Dodging
  1310 | D:2      | Reached XP level 5. HP: 31/33 MP: 5/5
  1539 | D:3      | You fall through a shaft for 3 floors!
  1539 | D:6      | Noticed a centaur
  1545 | D:5      | Entered Level 5 of the Dungeon
  1545 | D:5      | Noticed an orc warrior
  1609 | D:5      | You fall through a shaft!
  1609 | D:6      | Noticed a centaur
  1611 | D:6      | HP: 1/33 [centaur/arrow (9)]
  1620 | D:6      | HP: 1/33 [centaur/arrow (1)]
  1622 | D:6      | Shot with an arrow by a centaur

Skill      XL: |  1  2  3  4 |
---------------+-------------+-----
Fighting       | 4 |  4.2
Armour         | 4 |  4.1
Shields        | 4 |  4.3
Dodging        | 1 |  1.0
Maces & Flails | |  2.3

Action                   |  1- 3 |  4- 6 || total
-------------------------+-------+-------++-------
Melee: Flail             |   120 |    85 ||   205
  Use: Scroll            |       |     3 ||     3
  Eat: Chunk             |       |     2 ||     2
Armor: Scale mail        |    75 |    58 ||   133
Dodge: Dodged            |    46 |    37 ||    83
Block: Shield            |    81 |    78 ||   159
